 Dungeon Crawl Stone Soup version 0.27.1-3-gb3d3a73c9e (webtiles) character file.

Game seed: 1707316870714361302

54 TheGamechu the Skirmisher (level 3, -2/33 HPs)
             Began as a Minotaur Abyssal Knight on Oct 6, 2021.
             Was a Follower of Lugonu.
             Succumbed to Terence's poison
             ... on level 2 of the Dungeon.
             The game lasted 00:03:17 (848 turns).

TheGamechu the Skirmisher (Minotaur Abyssal Knight)  Turns: 848, Time: 00:03:17

Health: -2/33      AC:  9    Str: 17    XL:     3   Next: 66%
Magic:  3/3        EV:  9    Int:  9    God:    Lugonu [*.....]
Gold:   67         SH:  0    Dex:  9    Spells: 2/2 levels left

rFire    . . .     SeeInvis .   a - +1 hand axe
rCold    . . .     Faith    .   (no shield)
rNeg     . . .     Spirit   .   g - +0 scale mail
rPois    .         Reflect  .   (helmet restricted)
rElec    .         Harm     .   (no cloak)
rCorr    .         Rampage  .   (no gloves)
Will     .....                  f - +1 pair of boots
Stlth    ..........             (no amulet)
HPRegen  0.11/turn              (no ring)
MPRegen  0.08/turn              (no ring)

@: lethally poisoned (-2 -> -39), hasted, invisible, very quick
A: horns 2, retaliatory headbutt
a: Renounce Religion, Depart the Abyss


You were on level 2 of the Dungeon.
You worshipped Lugonu.
Lugonu was aware of your devotion.
You visited 1 branch of the dungeon, and saw 2 of its levels.
You visited the Abyss 1 time.

You collected 67 gold pieces.

Inventory:

Hand Weapons
 a - a +1 hand axe (weapon)
Missiles
 c - 26 stones (quivered)
Armour
 f - a +1 pair of boots (worn)
 g - a +0 scale mail (worn)
 j - a +2 kite shield
Scrolls
 b - a scroll of immolation {unknown}
 e - 2 scrolls of fear {unknown}
 i - a scroll of holy word {unknown}
Potions
 h - a potion of curing {unknown}


   Skills:
 + Level 4.2 Fighting
 + Level 3.2 Axes
 + Level 3.2 Armour
 - Level 1.1 Dodging
 + Level 2.4 Invocations


You had 2 spell levels left.
You didn't know any spells.
Your spell library was empty.

Dungeon Overview and Level Annotations

Branches:
Dungeon (2/15)

Altars:

Annotations:
D:2 Terence


Innate Abilities, Weirdness & Mutations

You have a pair of horns on your head.
You reflexively headbutt those who attack you in melee.


Message History

You see here 20 arrows.
Terence is nearby!
Terence shouts!
Terence screams, "I want your blood!"
You closely miss Terence.
Terence hits you with a +2 short sword of venom.
You are poisoned.
You barely miss Terence. You headbutt Terence, but do no damage.
You feel sick. Terence closely misses you.
You hit Terence but do no damage. You headbutt Terence.
Terence is lightly wounded.
You feel sick. Terence barely misses you. You furiously retaliate!
You headbutt Terence, but do no damage. You hit Terence.
Terence is moderately wounded.
You feel sick.
Terence hits you with a +2 short sword of venom.
You are more poisoned.
You hit Terence but do no damage. You headbutt Terence, but do no damage.
Terence is moderately wounded.
You feel very sick.
Terence hits you with a +2 short sword of venom.
You are more poisoned.
A goblin comes into view. It is wielding a +0 club.
You barely miss Terence.
Terence is moderately wounded.
You feel very sick.
The goblin shouts!
Terence barely misses you. You furiously retaliate!
You headbutt Terence!
Terence hits you with a +2 short sword of venom.
You are more poisoned.
It was a potion of haste.
You feel yourself speed up.
* * * LOW HITPOINT WARNING * * *
You feel very sick.
Terence hits you with a +2 short sword of venom.
* * * LOW HITPOINT WARNING * * *
You are more poisoned.
It was a potion of invisibility.
You fade into invisibility!
You die...

##.####### .#
#.......#
#.#####.......###
#
...........#.....
#.
#.#####.##.#..###
♣#.##.#
#.##......# . g..
#..@....#.#
♣♣#.#@#
#.#####.#)#
♣.#.#@# #.# #....
####.#...# #.#
###@#
##....###.## ...
#..g #.♣♣P......#
... #...
##.P...###.# ....
###... ##...##
#.# ..... #.....
##### #.# #.####
#.# #.##♣♣ #.#
#..♣P♣


You could see Terence and a goblin.

Vanquished Creatures
  Jessica (D:2)
  An adder (D:2)
  A dart slug (D:2)
  A bat (D:1)
  2 endoplasms (D:1)
  2 goblins
  2 hobgoblins (D:2)
  A quokka (D:2)
  3 ball pythons (D:1)
  A frilled lizard (D:1)
  A kobold (D:2)
  A rat (D:2)
17 creatures vanquished.

Notes
Turn   | Place    | Note
-------+----------+-------------------------------------------
     0 | Abyss:1  | TheGamechu the Minotaur Abyssal Knight began the quest for
                  | the Orb.
     0 | Abyss:1  | Reached XP level 1. HP: 19/19 MP: 1/1
    20 | D:1      | Escaped the Abyss
   249 | D:1      | Reached XP level 2. HP: 27/27 MP: 2/2
   631 | D:2      | Noticed Jessica
   633 | D:2      | Noticed Terence
   639 | D:2      | Killed Jessica
   640 | D:2      | Reached skill level 4 in Fighting
   640 | D:2      | Reached XP level 3. HP: 17/33 MP: 3/3
   848 | D:2      | Succumbed to Terence's poison

Illustrated notes

Levels and vault maps discovered:
D:1:      dpeg_arrival_shelter, layout_basic
D:2:      layout_loops_cross, serial_forest, infiniplex_forest_zigzag_1,
          infiniplex_forest_end_1, infiniplex_forest_clump_tiny,
          infiniplex_forest_diagonal, infiniplex_forest_zigzag_1,
          infiniplex_forest_straight_2,
          dreamdust_ecumenical_altar_angels_and_demons, uniq_natasha,
          uniq_jessica, uniq_terence

Skill      XL: |  1  2 |
---------------+-------+-----
Invocations    | 2 |  2.4
Fighting       | 4 |  4.2
Axes           | 3 |  3.2
Armour         | 3 |  3.2
Dodging        | |  1.1

Action                   || total
-------------------------++-------
Melee: Hand axe          ||    33
       Headbutt          ||     6
Throw: Stone             ||     1
  Use: Potion            ||     2
Armor: Scale mail        ||     6
       Leather armour    ||     1
Dodge: Dodged            ||    18
